 Dungeon Crawl Stone Soup version 0.28.0-43-g3370ac3207 (webtiles) character file.

Game seed: 12888279168613229872

21 Icepheonix32 the Covert (level 2, 0/16 HPs)
             Began as a Spriggan Delver on Mar 21, 2022.
             Slain by Pargi (5 damage)
             ... in a sewer.
             The game lasted 00:01:49 (525 turns).

Icepheonix32 the Covert (Spriggan Delver)            Turns: 525, Time: 00:01:50

Health: 0/16       AC:  2    Str:  8      XL:     2   Next: 62%
Magic:  3/3        EV: 17    Int: 11      God:
Gold:   37         SH:  0    Dex: 15 (16) Spells: 1/1 levels left

rFire   . . .      SeeInvis +   i - +0 dagger
rCold   . . .      Faith    .   (no shield)
rNeg    . . .      Spirit   .   b - +0 robe
rPois   .          Reflect  .   (helmet restricted)
rElec   .          Harm     .   (no cloak)
rCorr   .          Rampage  .   (gloves unavailable)
Will    .....                   (boots unavailable)
Stlth   ++++......              (no amulet)
HPRegen 0.05/turn               (no ring)
MPRegen 0.08/turn               (no ring)

@: hasted, very quick
A: very small, no large weapons, unfitting armour, see invisible, speed 3, horns
1, deterioration 1, MP-powered wands
a: no special abilities


You were in a sewer.
You visited 1 branch of the dungeon, and saw 1 of its levels.
You also visited: Sewer.

You collected 37 gold pieces.

Inventory:

Hand Weapons
 a - a +0 short sword
 i - a +0 dagger (weapon)
Armour
 b - a +0 robe (worn)
Wands
 g - a wand of digging (3)
Scrolls
 c - a scroll of fog
 e - 2 scrolls of fear
 h - a scroll of blinking {unknown}
 k - a scroll of magic mapping


   Skills:
 - Level 2.4 Fighting
 - Level 2.1 Short Blades
 - Level 2.6 Dodging
 + Level 8.4 Stealth


You had one spell level left.
You didn't know any spells.
Your spell library was empty.

Dungeon Overview and Level Annotations

Branches:
Dungeon (5/15)              Sewer (1/1)
 Temple: D:4-7

Altars:
Fedhas

Shops:
D:5 (

Annotations:
Sewer Pargi


Innate Abilities, Weirdness & Mutations

You are very small and have problems with some larger weapons.
You are too small for most types of armour.
You have supernaturally acute eyesight. (SInv)
You cover ground extremely quickly. (Speed+++)
You have a pair of small horns on your head.
Your body sometimes deteriorates upon taking damage.
You expend magic power (3 MP) to strengthen your wands.


Message History

Pargi the Meek comes into view.
Found a scroll labelled QUSEEQ YNKALO.
Pargi shouts!
Pargi completely misses you. Pargi barely misses you. Pargi closely misses you.
There is an open door here.
You hit Pargi.
Pargi is lightly wounded.
You hit Pargi.
Pargi is lightly wounded.
Pargi barely misses you. x2; Pargi claws you.
Pargi bites you. Pargi closely misses you. Pargi barely misses you.
You feel yourself speed up.
It was a potion of curing.
You feel better.
It was a potion of mutation.
You feel extremely strange. A pair of horns grows on your head!
You feel yourself wasting away.
You feel your magical essence link to the dungeon's wands.
It was a potion of heal wounds.
You feel much better.
Okay, then.
Okay, then.
You hit Pargi.
Pargi is lightly wounded.
You barely miss Pargi.
Pargi is lightly wounded.
Pargi bites you.
Your body deteriorates!
You feel clumsy. Pargi claws you. x2
You hit Pargi. Your headbutt misses Pargi.
Pargi is lightly wounded.
You closely miss Pargi.
Pargi is lightly wounded.
Pargi closely misses you. Pargi misses you. Pargi closely misses you.
You hit Pargi. You headbutt Pargi.
Pargi is lightly wounded.
Pargi closely misses you. Pargi barely misses you. Pargi misses you.
You hit Pargi but do no damage. Your headbutt misses Pargi.
Pargi is lightly wounded.
You hit Pargi. You headbutt Pargi.
Pargi is moderately wounded.
Pargi bites you.
You die...

#####################
#.##.##.##.##.##.##.#
#.##.##)##.##†##.##.#
#'##'##'##'##'##'##'#
#######...................####
≈≈≈≈≈≈#≈≈≈≈≈≈≈≈≈.≈≈≈≈≈≈≈≈≈#≈≈≈≈≈≈
≈≈≈≈≈≈#≈≈≈≈≈≈≈≈≈∩≈≈≈≈≈≈≈≈≈#≈≈≈≈≈≈
≈≈≈≈≈≈#≈≈≈≈≈≈≈≈≈.≈≈≈≈≈≈≈≈≈#≈≈≈≈≈≈
#######.........@T........#######
#'##'##'##.##'##'##+#
#)##)##.##.##.##.#
#.##.##.##∩##.##?#
##################


You could see Pargi.

Vanquished Creatures
  An adder (Sewer)
  An orc (D:5)
  2 giant cockroaches (D:5)
  A quokka (D:5)
  A frilled lizard (Sewer)
  4 kobolds (Sewer)
  A rat (D:5)
11 creatures vanquished.

Notes
Turn   | Place    | Note
-------+----------+-------------------------------------------
     0 | D:5      | Icepheonix32 the Spriggan Delver began the quest for the
                  | Orb.
     0 | D:5      | Reached XP level 1. HP: 11/11 MP: 2/2
    17 | D:5      | Found Astirheuc's Weapon Shoppe.
    95 | D:5      | Found a glowing drain.
   243 | Sewer    | Entered a sewer
   370 | Sewer    | Reached skill level 8 in Stealth
   370 | Sewer    | Reached XP level 2. HP: 16/16 MP: 3/3
   504 | Sewer    | Noticed Pargi
   515 | Sewer    | Gained mutation: You have a pair of small horns on your
                  | head. [potion of mutation]
   515 | Sewer    | Gained mutation: Your body sometimes deteriorates upon
                  | taking damage. [potion of mutation]
   515 | Sewer    | Gained mutation: You expend magic power (3 MP) to
                  | strengthen your wands. [potion of mutation]
   525 | Sewer    | Slain by Pargi

Illustrated notes

Levels and vault maps discovered:
D:5:      layout_basic, fedhas_bush_and_centaur_altar, serial_shops,
          nicolae_shop_bloodbath_and_beyond, gup_sewer_entry_bowl,
          lemuel_flame_loot_1
Sewer:    kennysheep_door_sewer

Skill      XL: |  1 |
---------------+----+-----
Stealth        | 8 |  8.4
Fighting       | |  2.4
Short Blades   | |  2.1
Dodging        | |  2.6

Action                   || total
-------------------------++-------
Melee: Short sword       ||    29
       Dagger            ||    12
       Headbutt          ||     2
  Use: Scroll            ||     1
       Potion            ||     4
 Stab: Sleeping          ||     5
Armor: Robe              ||     4
Dodge: Dodged            ||    35
